 Dungeon Crawl Stone Soup version 0.27-a0-1317-gd1140b374c (webtiles) character file.

Game seed: 9532072914753614953

57 BlueGoblin the Skirmisher (level 3, 0/34 HPs)
             Began as a Minotaur Fighter on June 21, 2021.
             Killed from afar by Ijyb (11 damage)
             ... with an iceblast
             ... on level 3 of the Dungeon.
             The game lasted 00:03:55 (2093 turns).

BlueGoblin the Skirmisher (Minotaur Fighter)        Turns: 2093, Time: 00:03:56

Health: 0/34       AC:  7    Str: 27    XL:     3   Next: 73%
Magic:  2/2        EV:  8    Int:  5    God:
Gold:   65         SH: 10    Dex:  9    Spells: 2/2 levels left

rFire    . . .     SeeInvis .   a - +0 war axe
rCold    . . .     Faith    .   c - +0 kite shield
rNeg     . . .     Spirit   .   b - +0 scale mail
rPois    .         Reflect  .   (helmet restricted)
rElec    .         Harm     .   (no cloak)
rCorr    .         Rampage  .   (no gloves)
Will     .....                  (no boots)
Stlth    ..........             (no amulet)
HPRegen  0.11/turn              h - +6 ring of strength
MPRegen  0.08/turn              (no ring)

@: lethally poisoned (0 -> -10)
A: horns 2, retaliatory headbutt
a: no special abilities


You were on level 3 of the Dungeon.
You visited 1 branch of the dungeon, and saw 3 of its levels.

You collected 65 gold pieces.

Inventory:

Hand Weapons
 a - a +0 war axe (weapon)
Armour
 b - a +0 scale mail (worn)
 c - a +0 kite shield (worn)
Jewellery
 h - a +6 ring of strength (left hand)
Scrolls
 e - 2 scrolls of vulnerability {unknown}
 f - a scroll of identify
 g - a scroll of fog {unknown}
 j - a scroll of enchant weapon {unknown}
Potions
 d - a potion of might
 i - 2 potions of flight {unknown}


   Skills:
 + Level 4.4 Fighting
 * Level 3.2 Axes
 + Level 4.1 Armour
 + Level 0.3 Dodging
 + Level 0.1 Stealth
 + Level 4.0 Shields


You had 2 spell levels left.
You didn't know any spells.
Your spell library contained the following spells:

 Spells                   Type           Power      Damage    Failure   Level
 Beastly Appendage        Tmut           0%         N/A       99%         1
 Wereblood                Tmut           0%         N/A       100%        2
 Spider Form              Tmut/Pois      0%         N/A       100%        3
 Ice Form                 Ice/Tmut       0%         N/A       100%        4


Dungeon Overview and Level Annotations

Branches:
Dungeon (3/15)

Altars:

Shops:
D:2 [

Annotations:
D:3 Ijyb


Innate Abilities, Weirdness & Mutations

You have a pair of horns on your head.
You reflexively headbutt those who attack you in melee.


Message History

The kobold hits you but does no damage. You block the kobold's attack.
You block the kobold's attack.
You barely miss the kobold. You hit the kobold.
You kill the kobold!
You closely miss the kobold.
The kobold hits you but does no damage. x2
You hit the kobold.
You kill the kobold!
You start resting.
A goblin comes into view. It is wielding a +0 club.
The goblin shouts!
You see here a +0 short sword.
Ijyb the Twisted Goblin comes into view.
She is wielding a +2 dagger of venom and carrying a wand of iceblast (5).
Ijyb shouts!
You closely miss the goblin. You headbutt the goblin.
You kill the goblin!
Ijyb zaps a wand.
The mass of ice explodes!
The iceblast engulfs you.
There is a stone staircase leading up here.
Ijyb hits you but does no damage.
You are poisoned.
You closely miss Ijyb. You headbutt Ijyb!
Ijyb is moderately wounded.
You feel very sick. You block Ijyb's attack. x2
You closely miss Ijyb.
Ijyb is moderately wounded.
You feel sick.
Ijyb hits you with a +2 dagger of venom.
You are more poisoned.
You block Ijyb's attack.
You slash Ijyb!
Ijyb is severely wounded.
You feel very sick. You block Ijyb's attack.
An endoplasm comes into view.
You feel very sick.
The endoplasm quivers.
Ijyb zaps a wand.
The mass of ice explodes!
The iceblast engulfs you!
You die...

.. .. ..## #.#
... ... .
....#.###.##
.##.#.#...
..#### ... ....
.....
.###.###.###...#
(.......†@..#..#
##...g.......#
###......#)...#
#.......))....#
.
#.#.....####..#
..#.#.....+ (..#
..........# #.#
..#.......# J#
.........$#


You could see Ijyb and an endoplasm.

Vanquished Creatures
  3 adders
  A dart slug (D:1)
  A ball python (D:1)
  2 bats (D:1)
  5 endoplasms
  4 giant cockroaches
  2 goblins
  A hobgoblin (D:2)
  A frilled lizard (D:1)
  3 kobolds
  5 rats
28 creatures vanquished.

Notes
Turn   | Place    | Note
-------+----------+-------------------------------------------
     0 | D:1      | BlueGoblin the Minotaur Fighter began the quest for the
                  | Orb.
     0 | D:1      | Reached XP level 1. HP: 19/19 MP: 0/0
   416 | D:1      | Reached XP level 2. HP: 26/27 MP: 1/1
   424 | D:1      | Found a faded altar of an unknown god.
  1361 | D:2      | Reached XP level 3. HP: 28/33 MP: 2/2
  1831 | D:2      | Found Qesia's Antique Armour Shop.
  2083 | D:3      | Noticed Ijyb
  2093 | D:3      | Killed from afar by Ijyb

Illustrated notes

Levels and vault maps discovered:
D:1:      lightli_arrival_quake, layout_basic, ebering_ecumenical_altar_rust
D:2:      layout_rooms, serial_shops, shop_statue, minmay_misc_feat_doors
D:3:      layout_basic, ebering_ghost_rock_garden, uniq_ijyb

Skill      XL: |  1  2  3 |
---------------+----------+-----
Fighting       | 4 |  4.4
Armour         | 4 |  4.1
Shields        | 4 |  4.0
Axes           | 3 |  3.2
Dodging        | |  0.3
Stealth        | |  0.1

Action                   || total
-------------------------++-------
Melee: War axe           ||    72
       Headbutt          ||    10
  Use: Scroll            ||     3
       Potion            ||     1
Armor: Scale mail        ||    34
       Skin              ||     3
Dodge: Dodged            ||    10
Block: Kite shield       ||    40

Table legend: (Time is in decaauts)
 A = Elapsed time spent in this place.
 B = Non-inter-level travel time spent in this place.
 C = Inter-level travel time spent in this place.
 D = Time resting spent in this place.
 E = Time spent auto-exploring this place.
 F = Levels seen in this place.
 G = Mean time per level.
                   A        B        C        D        E       F      G
               +--------+--------+--------+--------+--------+-----+--------+
         Total |   2136 |   2042 |     94 |    688 |   1045 |   3 |  712.0 |
       Dungeon |   2136 |   2042 |     94 |    688 |   1045 |   3 |  712.0 |
               +--------+--------+--------+--------+--------+-----+--------+

Top non-repeatable levels by time:
     D:1: 1369 daAuts
     D:2: 702 daAuts
     D:3: 64 daAuts
